 Dungeon Crawl Stone Soup version 0.24-a0-439-g6dd8730de2 (webtiles) character file.

Game seed: 6953570885655602305

123 Kisielow the Cudgeler (level 5, 0/32 HPs)
             Began as a Gargoyle Fighter on June 18, 2019.
             Slain by an adder (3 damage)
             ... on level 3 of the Dungeon.
             The game lasted 00:04:58 (1948 turns).

Kisielow the Cudgeler (Gargoyle Fighter)            Turns: 1948, Time: 00:04:58

Health: 0/32       AC: 10    Str: 20    XL:     5   Next: 7%
Magic:  5/5        EV:  7    Int:  9    God:
Gold:   249        SH: 10    Dex:  9    Spells: 4/4 levels left

rFire    . . .     SeeInvis .   a - +0 flail
rCold    . . .     Gourm    .   c - +1 shield
rNeg     + . .     Faith    .   b - +0 scale mail
rPois    ∞         Spirit   .   (no helmet)
rElec    +         Reflect  .   (no cloak)
rCorr    .         Harm     .   (no gloves)
MR       .....                  (no boots)
Stlth    ..........             g - amulet of inaccuracy (curse)
HPRegen  0.10/turn              (no ring)
MPRegen  0.09/turn              (no ring)

@: no status effects
A: negative energy resistance 1, electricity resistance, unbreathing,
petrification resistance, rot immunity, AC +4
a: no special abilities


You were on level 3 of the Dungeon.
You were hungry.

You visited 1 branch of the dungeon, and saw 3 of its levels.

You collected 249 gold pieces.

Inventory:

Hand Weapons
 a - a +0 flail (weapon)
Armour
 b - a +0 scale mail (worn)
 c - a +1 shield (worn)
Jewellery
 g - a cursed amulet of inaccuracy (around neck)
Wands
 r - a wand of flame (11)
Scrolls
 e - a scroll of teleportation
 l - 2 scrolls of fog
Potions
 d - a potion of might
 i - 2 potions of haste
 j - a potion of cancellation
 n - a potion of brilliance
 q - a potion of magic
Comestibles
 f - 10 rations
 u - 2 chunks of flesh


   Skills:
 + Level 3.6 Fighting
 * Level 4.5 Maces & Flails
 + Level 3.6 Armour
 + Level 3.6 Shields


You had 4 spell levels left.
You didn't know any spells.
Your spell library was empty.

Dungeon Overview and Level Annotations

Branches:
Dungeon (3/15)

Altars:
Fedhas
Kikubaaqudgha
Qazlal
Trog


Innate Abilities, Weirdness & Mutations

You are resistant to torment.
Your stone body is resilient. (AC +4)
You are immune to poison.
You resist negative energy. (rN+)
You are resistant to electric shocks. (rElec)
You can survive without breathing.
You are immune to petrification.
You are immune to rotting.


Message History

You block the adder's attack.
You completely miss the adder. You block the adder's attack.
The adder bites you.
* * * LOW HITPOINT WARNING * * *
You closely miss the adder. You block the adder's attack.
You miss the adder. The adder completely misses you.
The adder barely misses you.
You sock the adder!
The adder is severely wounded.
The adder bites you but does no damage. The adder closely misses you.
You closely miss the adder.
The adder is severely wounded.
The adder barely misses you.
You miss the adder.
The adder is severely wounded.
You block the adder's attack. The adder barely misses you.
You miss the adder.
The adder is severely wounded.
The adder bites you.
You die...

.##+####...÷....#
##*.# #..#########**
###.#* #...<.......,*
.....# #....######*,*
.....#*##......# *,*
..<#.#....#....# *,*
...#.#.##.###..###*,*
.....#,#.........#*,*
...#.#,#..###.##@#*,*
####,.,#..**####S#*,*
# *,***,,,,,,,#.#*,* #
*,*,,,*****,#.#*,* #
*,*,,,,,,,,,#.#*,* #
*,**********#.#*,* #
*,,,,,,,*,,,..#*,**
########**,*,**#..,,,*
.......# *,*,**#.#****


You could see an adder.

Vanquished Creatures
  4 adders (D:3)
  An ooze (D:2)
  2 dart slugs (D:1)
  5 leopard geckos
  2 orcs (D:3)
  A ball python (D:3)
  10 bats
  A giant cockroach (D:3)
  9 goblins
  3 hobgoblins
  7 jackals
  3 frilled lizards
  9 kobolds
  14 rats (D:1)
71 creatures vanquished.

Notes
Turn   | Place    | Note
-------+----------+-------------------------------------------
     0 | D:1      | Kisielow the Gargoyle Fighter began the quest for the Orb.
     0 | D:1      | Reached XP level 1. HP: 14/14 MP: 1/1
   114 | D:1      | Reached XP level 2. HP: 17/19 MP: 2/2
   133 | D:1      | Reached skill level 3 in Maces & Flails
   331 | D:1      | Reached XP level 3. HP: 21/23 MP: 3/3
   725 | D:2      | Found a blossoming altar of Fedhas.
   796 | D:2      | Found an ancient bone altar of Kikubaaqudgha.
   801 | D:2      | Reached skill level 4 in Maces & Flails
   940 | D:2      | Found a faded altar of an unknown god.
  1203 | D:3      | Reached XP level 4. HP: 28/28 MP: 4/4
  1337 | D:3      | Found a stormy altar of Qazlal.
  1700 | D:3      | Found a bloodstained altar of Trog.
  1837 | D:3      | Reached XP level 5. HP: 12/32 MP: 5/5
  1948 | D:3      | Slain by an adder

Levels and vault maps discovered:
D:1:      eino_arrival_cavern_a, layout_rooms, chequers_avenue,
          minmay_rat_gold_closets
D:2:      layout_rooms, marbit_many_paths, fedhas_altar_3,
          chequers_ecumenical_altar_twisty
D:3:      layout_basic, old_standard_altar, first_ration, st_stairs_13,
          nicolae_qazlal_general_emergency, uniq_grinder

Skill      XL: |  1  2  3 |
---------------+----------+-----
Maces & Flails | 3 4 |  4.5
Fighting       | |  3.6
Armour         | |  3.6
Shields        | |  3.6

Action                   |  1- 3 |  4- 6 || total
-------------------------+-------+-------++-------
Melee: Flail             |   161 |   279 ||   440
Evoke: Wand              |       |     3 ||     3
  Use: Scroll            |       |    13 ||    13
       Potion            |       |     2 ||     2
  Eat: Chunk             |     1 |     3 ||     4
Armor: Scale mail        |   121 |   184 ||   305
Dodge: Dodged            |    63 |   102 ||   165
Block: Shield            |    95 |   217 ||   312

Table legend:
 A = Non-vault XP
 B = Vault XP
 C = Vault XP percentage of total XP
 D = Non-vault monster count
 E = Vault monster count
 F = Vault count percentage of total count
                 A         B        C        D         E       F
            +---------+---------+-------+---------+---------+-------
      Total |     159 |      18 |  10.2 |      60 |      11 |  15.5
            +---------+---------+-------+---------+---------+-------
        D:1 |      49 |       8 |  14.0 |      28 |       8 |  22.2
        D:2 |      13 |       7 |  35.0 |       8 |       1 |  11.1
        D:3 |      97 |       3 |   3.0 |      24 |       2 |   7.7
            +---------+---------+-------+---------+---------+-------
